 Dungeon Crawl Stone Soup version 0.25-a0-489-g9ae84a01e3 (webtiles) character file.

Game seed: 11948119073393266554, levelgen mode: deterministic

47 DerDa the Skirmisher (level 3, -1/33 HPs)
             Began as a Minotaur Monk on Feb 11, 2020.
             Killed by nerve-wracking pain
             ... invoked by an orc priest
              (9 damage)
             ... on level 2 of the Dungeon.
             The game lasted 00:02:25 (1289 turns).

DerDa the Skirmisher (Minotaur Monk)                Turns: 1289, Time: 00:02:26

Health: -1/33      AC:  8    Str: 16    XL:     3   Next: 48%
Magic:  2/2        EV: 10    Int:  7    God:
Gold:   63         SH:  3    Dex: 12    Spells: 2/2 levels left

rFire    . . .     SeeInvis .   a - +0 falchion
rCold    . . .     Gourm    .   b - +0 buckler
rNeg     . . .     Faith    .   f - +0 scale mail
rPois    .         Spirit   .   (helmet restricted)
rElec    .         Reflect  .   (no cloak)
rCorr    .         Harm     .   (no gloves)
MR       .....                  (no boots)
Stlth    ..........             j - amulet of magic regeneration
HPRegen  0.11/turn              (no ring)
MPRegen  0.33/turn              (no ring)

@: lightly drained
A: retaliatory headbutt, horns 2, icy blue scales 1, sense surroundings 1,
evolution 1, MP-powered wands
a: no special abilities


You were on level 2 of the Dungeon.
You were not hungry.

You visited 1 branch of the dungeon, and saw 2 of its levels.

You collected 63 gold pieces.

Inventory:

Hand Weapons
 a - a +0 falchion (weapon)
 s - a +0 hunting sling
 t - a +0 hand crossbow
Missiles
 m - 118 stones (quivered)
 q - 17 bolts
Armour
 b - a +0 buckler (worn)
 f - a +0 scale mail (worn)
Jewellery
 j - an amulet of magic regeneration (around neck)
Scrolls
 d - 6 scrolls of identify {unknown}
 g - 2 scrolls of remove curse {unknown}
 i - 3 scrolls of enchant weapon {unknown}
 l - a scroll of amnesia {unknown}
 n - 3 scrolls of teleportation {unknown}
 o - a scroll of fear {unknown}
Potions
 h - a potion of curing {unknown}
 p - a potion of heal wounds {unknown}
 r - a potion of degeneration {unknown}
Comestibles
 c - a ration
 k - 4 chunks of flesh


   Skills:
 * Level 4.2(3.9) Fighting
 + Level 4.0(3.7) Long Blades
 + Level 1.1(0.8) Armour
 * Level 3.9(3.7) Dodging
 - Level 1.5(1.3) Stealth
 + Level 1.1(0.9) Shields


You had 2 spell levels left.
You didn't know any spells.
Your spell library was empty.

Dungeon Overview and Level Annotations

Branches:
Dungeon (2/15)

Altars:
Hepliaklqana


Innate Abilities, Weirdness & Mutations

You reflexively headbutt those who attack you in melee.
You have a pair of horns on your head.
You are partially covered in icy blue scales. (AC +2)
You passively map a small area around you.
You evolve.
You expend magic power (3 MP) to strengthen your wands.


Message History

Your scale mail prevents you from hitting the orc priest.
The orc hits you but does no damage.
The orc priest hits you with a +1 flail of draining.
You feel drained.
The orc priest invokes the aid of Beogh against you.
Beogh smites you!
* * * LOW HITPOINT WARNING * * *
The orc closely misses you.
You riposte.
You hit the orc. Your headbutt misses the orc.
The orc is almost dead.
Okay, then.
It was a potion of mutation.
You feel extremely strange.
You feel your magical essence link to the dungeon's wands.
You feel nature experimenting on you.
Don't worry, failures die fast.
Icy blue scales grow over part of your body.
You feel a strange attunement to the structure of the dungeons.
You block the orc's attack.
The orc priest mumbles some strange prayers to Beogh against you.
Pain shoots through your body!
You die...

, * #.......#....... , ,
,.......#......)##.....#
, *
.......#......รท####.###
, ,
......)#...............
........#########..... *
.......##########....
#######......##..........
.............##........##
* * #oo@....##........##
......)oo.......######..#
8...8........##.# ##.#
.........######.# #.# ,
.........# #.# #.. ,
.........# #.# ##. *
8...8..#.# #.# #.
.......#.# #.# #. #.# #.


You could see 2 orc priests and 2 orcs.

Vanquished Creatures
  An adder (D:2)
  A worm (D:2)
  A dart slug (D:2)
  A leopard gecko (D:1)
  An orc (D:2)
  3 bats (D:2)
  A giant cockroach (D:2)
  4 goblins (D:2)
  9 hobgoblins
  4 kobolds
  A rat (D:1)
27 creatures vanquished.

Notes
Turn   | Place    | Note
-------+----------+-------------------------------------------
     0 | D:1      | DerDa the Minotaur Monk began the quest for the Orb.
     0 | D:1      | Reached XP level 1. HP: 19/19 MP: 0/0
   400 | D:1      | Reached XP level 2. HP: 27/27 MP: 1/1
   915 | D:2      | Reached XP level 3. HP: 32/33 MP: 2/2
   942 | D:2      | Reached skill level 1 in Armour
   970 | D:2      | Reached skill level 1 in Shields
  1000 | D:2      | Found a hazy altar of Hepliaklqana.
  1289 | D:2      | Gained mutation: You expend magic power (3 MP) to
                  | strengthen your wands. [potion of mutation]
  1289 | D:2      | Gained mutation: You evolve. [potion of mutation]
  1289 | D:2      | Gained mutation: You are partially covered in icy blue
                  | scales. (AC +2) [potion of mutation]
  1289 | D:2      | Gained mutation: You passively map a small area around you.
                  | [potion of mutation]
  1289 | D:2      | Killed from afar by an orc priest

Levels and vault maps discovered:
D:1:      matt_arrival_diagonals, layout_loops_ring
D:2:      cheibrodos_pilgrimage, layout_basic, old_standard_altar

Skill      XL: |  1  2  3 |
---------------+----------+-----
Fighting       | 4 |  4.2
Armour         | 1 |  1.1
Shields        | 1 |  1.1
Long Blades    | 4 |  4.0
Dodging        | |  3.9
Stealth        | |  1.5

Action                   || total
-------------------------++-------
Melee: Falchion          ||    75
       Headbutt          ||    11
  Use: Potion            ||     1
  Eat: Chunk             ||     1
Armor: Scale mail        ||    29
Dodge: Dodged            ||    37
Block: Buckler           ||    15
       Rpst.: Falchion   ||     9

Table legend:
 A = Non-vault XP
 B = Vault XP
 C = Vault XP percentage of total XP
 D = Non-vault monster count
 E = Vault monster count
 F = Vault count percentage of total count
                 A         B        C        D         E       F
            +---------+---------+-------+---------+---------+-------
      Total |      65 |       3 |   4.4 |      26 |       1 |   3.7
            +---------+---------+-------+---------+---------+-------
        D:1 |      13 |       0 |   0.0 |       7 |       0 |   0.0
        D:2 |      52 |       3 |   5.5 |      19 |       1 |   5.0
            +---------+---------+-------+---------+---------+-------
